[Event "Titled Tuesday Blitz April 25 Early 2023"]
[White "djokovic74"]
[Black "Vakhlamov, Igor L."]
[BlackFideId "24126748"]
[WhiteElo "2600"]
[BlackElo "2400"]
[Result "1-0"]
[Round "05"]
[TimeControl "180+2"]
[Date "2023.04.25"]
[WhiteClock "0:00:04"]
[BlackClock "0:00:02"]

1. e4 c5 2. Nf3 e6 3. d4 cxd4 4. Nxd4 Nf6 5. Nc3 Nc6 6. Ndb5 Bc5 7. Nd6+ Ke7 8. Bf4 e5 9. Nf5+ Kf8 10. Bg5 d6 11. Ne3 h6 12. Bxf6 Qxf6 13. Be2 Be6 14. O-O g6 15. Ncd5 Qg5 16. Kh1 Kg7 17. c3 a5 18. a3 Rad8 19. b4 axb4 20. axb4 Bxe3 21. Nxe3 f5 22. exf5 gxf5 23. b5 Ne7 24. f4 exf4 25. Qd4+ Qf6 26. Qxf4 Qxc3 27. Rac1 Qe5 28. Qf2 Rd7 29. Nc4 Bxc4 30. Bxc4 d5 31. Rce1 Qf6 32. Bd3 Rf8 33. Qc5 Kh8 34. Rf3 b6 35. Qf2 d4 36. Rf4 Qg7 37. Re6 Nd5 38. Rxf5 Rg8 39. Rh5 Rf8 40. Rexh6+ Kg8 41. Rh8+ Qxh8 42. Rxh8+ Kg7 43. Qxf8# 1-0


[Site "https://www.chess.com"]

[Event "Titled Tuesday Blitz April 25 Early 2023"]
[White "Sahib Singh"]
[Black "Rozen, Eytan"]
[WhiteFideId "25618342"]
[BlackFideId "2816750"]
[WhiteElo "1934"]
[BlackElo "2451"]
[Result "1-0"]
[Round "05"]
[TimeControl "180+2"]
[Date "2023.04.25"]
[WhiteClock "0:01:24"]
[BlackClock "0:00:01"]

1. d4 d5 2. c4 e6 3. Nf3 Nf6 4. Nc3 Bb4 5. Qa4+ Nc6 6. e3 O-O 7. Bd2 Bxc3 8. Bxc3 Ne4 9. Qc2 Qe7 10. a3 f5 11. g3 Bd7 12. b4 a5 13. b5 Na7 14. a4 Nc8 15. c5 b6 16. c6 Be8 17. Ne5 Ncd6 18. f3 Nxc3 19. Qxc3 Nf7 20. Nxf7 Bxf7 21. f4 Bh5 22. Be2 Bxe2 23. Kxe2 Rf6 24. h3 Raf8 25. Qa3 Qf7 26. Rag1 h5 27. g4 fxg4 28. hxg4 Rg6 29. g5 Qf5 30. Qd3 Kf7 31. Qxf5+ exf5 32. Rxh5 Re6 33. g6+ Kf6 34. Rgg5 Ke7 35. Rxf5 Rxf5 36. Rxf5 Kd6 37. Rf7 Rxg6 38. f5 Rg3 39. Rd7# 1-0


[Site "https://www.chess.com"]

[Event "Titled Tuesday Blitz April 25 Early 2023"]
[White "Guerrero Olmos, Sergio"]
[Black "Atakishiyev, Elmar"]
[WhiteFideId "2257238"]
[BlackFideId "13410547"]
[WhiteElo "2266"]
[BlackElo "2239"]
[Result "0-1"]
[Round "05"]
[TimeControl "180+2"]
[Date "2023.04.25"]
[WhiteClock "0:00:03"]
[BlackClock "0:00:04"]

1. d4 Nf6 2. Nf3 g6 3. Bf4 Bg7 4. e3 O-O 5. Be2 d6 6. h3 b6 7. O-O Bb7 8. Nbd2 Nbd7 9. a4 a6 10. a5 b5 11. c4 bxc4 12. Bxc4 c5 13. Qe2 Qc7 14. Rfc1 Qd8 15. Ra3 Nd5 16. Bg3 Nb4 17. Bb3 Rc8 18. Re1 h6 19. Nb1 Be4 20. Bc4 Nc2 21. Bxa6 Rb8 22. Nc3 Nxa3 23. Nxe4 Qxa5 24. Bd3 c4 25. bxa3 cxd3 26. Qxd3 Nb6 27. Bh4 Rfe8 28. Rb1 Qa7 29. Nc3 g5 30. Bg3 Qc7 31. Rb3 Qc4 32. Qd1 Nd5 33. Rxb8 Rxb8 34. Nxd5 Qxd5 35. Kh2 Qa2 36. Qd3 Qb1 37. Qc4 Bf6 38. Nd2 Qd1 39. Ne4 Rb1 40. Bxd6 Rc1 41. Nxf6+ exf6 42. Qb4 Rc8 43. Bc5 Qe2 44. Kg3 h5 45. f3 h4+ 46. Kh2 Qf2 47. Bd6 Kg7 48. Qb3 Rc2 49. Qxc2 Qxc2 0-1


[Site "https://www.chess.com"]

[Event "Titled Tuesday Blitz April 25 Early 2023"]
[White "Djordjevic, Vuk"]
[Black "Weishaeutel, Moritz"]
[WhiteFideId "902098"]
[BlackFideId "12967300"]
[WhiteElo "2452"]
[BlackElo "2301"]
[Result "1-0"]
[Round "05"]
[TimeControl "180+2"]
[Date "2023.04.25"]
[WhiteClock "0:00:07"]
[BlackClock "0:00:01"]

1. d4 Nf6 2. Bg5 d5 3. Bxf6 exf6 4. e3 c6 5. c4 dxc4 6. Bxc4 Bd6 7. Nc3 O-O 8. Nf3 Bg4 9. Qc2 Nd7 10. Nd2 c5 11. dxc5 Nxc5 12. O-O Rc8 13. Be2 Be6 14. Rfd1 Qe7 15. Bc4 Be5 16. Bxe6 fxe6 17. Nf3 Bb8 18. Qe2 e5 19. Nd5 Qf7 20. Rd2 e4 21. Ne1 Rfd8 22. Rad1 Be5 23. b4 Ne6 24. f4 exf3 25. Nxf3 Bb8 26. Rd3 Qh5 27. Qb2 Bd6 28. Qb3 1-0


[Site "https://www.chess.com"]

[Event "Titled Tuesday Blitz April 25 Early 2023"]
[White "Martic, Ivan"]
[Black "Postny, Evgeny"]
[WhiteFideId "929301"]
[BlackFideId "2804344"]
[WhiteElo "2360"]
[BlackElo "2504"]
[Result "0-1"]
[Round "05"]
[TimeControl "180+2"]
[Date "2023.04.25"]
[WhiteClock "0:00:38"]
[BlackClock "0:00:52"]

1. e4 c5 2. Be2 Nc6 3. f4 e6 4. Nf3 d5 5. d3 Nf6 6. Nbd2 b6 7. e5 Nd7 8. O-O Bb7 9. c3 Qc7 10. a3 h6 11. d4 O-O-O 12. b4 f6 13. bxc5 bxc5 14. Rb1 Nb6 15. a4 g5 16. f5 g4 17. Nh4 cxd4 18. Ng6 dxc3 19. Nb3 Nxe5 20. Nd4 Bc5 21. Be3 Nxg6 22. fxg6 f5 23. Kh1 Bxd4 24. Qxd4 e5 25. Qb4 d4 26. a5 Nd5 27. Qa4 Nxe3 28. a6 Bxg2+ 29. Kg1 Bc6 30. Bb5 Rd6 31. Bxc6 Qxc6 32. Qb3 Qg2# 0-1


[Site "https://www.chess.com"]

[Event "Titled Tuesday Blitz April 25 Early 2023"]
[White "Gontcharov, Vladislav"]
[Black "Deepan Chakkravarthy J."]
[WhiteFideId "4123492"]
[BlackFideId "5011132"]
[WhiteElo "2420"]
[BlackElo "2367"]
[Result "1-0"]
[Round "05"]
[TimeControl "180+2"]
[Date "2023.04.25"]
[WhiteClock "0:01:01"]
[BlackClock "0:01:32"]

1. e4 d6 2. d4 g6 3. Nc3 Bg7 4. Be3 a6 5. Qd2 b5 6. Bd3 Bb7 7. a4 b4 8. Nd1 a5 9. c3 Nc6 10. Ne2 bxc3 11. bxc3 e6 12. O-O Nge7 13. Bh6 O-O 14. Bxg7 Kxg7 15. f4 f5 16. Ng3 fxe4 17. Nxe4 h6 18. Rb1 Rb8 19. Ndf2 Nd5 20. g3 Nce7 21. Rbe1 Qd7 22. Bb5 Bc6 23. c4 Nf6 24. Nxf6 Rxf6 25. Qxa5 Qc8 26. d5 Ba8 27. Ng4 Rf7 28. Rxe6 Bxd5 29. Qc3+ Kf8 30. Qh8+ Ng8 31. Rxg6 1-0


[Site "https://www.chess.com"]

[Event "Titled Tuesday Blitz April 25 Early 2023"]
[White "Szpar, Milosz"]
[Black "Elgersma, Onno"]
[WhiteFideId "1184989"]
[BlackFideId "1053531"]
[WhiteElo "2436"]
[BlackElo "2252"]
[Result "0-1"]
[Round "05"]
[TimeControl "180+2"]
[Date "2023.04.25"]
[WhiteClock "0:00:17"]
[BlackClock "0:00:19"]

1. e4 c6 2. d4 d5 3. e5 Bf5 4. h4 h5 5. c4 e6 6. Nc3 Nd7 7. cxd5 cxd5 8. Bd3 Bxd3 9. Qxd3 Ne7 10. Bg5 Qb6 11. Nf3 Nc6 12. O-O Rc8 13. Nxd5 exd5 14. e6 Nf6 15. exf7+ Kxf7 16. Qf5 Re8 17. Rae1 Nxd4 18. Nxd4 Qxd4 19. Rxe8 Kxe8 20. Qe6+ Kd8 21. Rc1 Bc5 22. Be3 Re8 23. Bxd4 Rxe6 24. Bxc5 Rc6 25. Be3 Rxc1+ 26. Bxc1 Kd7 27. f3 d4 28. Kf2 Ke6 29. Bg5 Nd7 30. b3 Kd5 31. Ke2 Ne5 32. Bf4 Ng6 33. Bg3 Nf8 34. Bb8 a6 35. g4 g6 36. Bg3 Ne6 37. Kd2 Nc5 38. gxh5 gxh5 39. Bf2 Ne6 40. Bg3 Ng7 41. Bf4 Ne6 42. Bg3 b5 43. Kd3 Nc5+ 44. Kd2 Ne6 45. Kd3 Nc5+ 46. Kd2 a5 47. Bc7 a4 48. Kc2 axb3+ 49. axb3 Ne6 50. Bg3 Ng7 51. Bf4 Ne6 52. Bg3 Nd8 53. Kd3 Ne6 54. b4 Nd8 55. Bf2 Nc6 56. Be1 Nd8 57. Bd2 Ne6 58. f4 Ng7 59. Be1 Ne6 60. Bg3 Ng7 61. Bf2 Nf5 62. Be1 Ne7 63. Bf2 Nf5 64. Be1 Ng7 65. Bf2 Ne6 66. f5 Nf4+ 67. Kd2 Ke5 68. f6 Kxf6 69. Bxd4+ Kf5 70. Bf2 Ke4 71. Bg3 Nd5 72. Bd6 Kd4 73. Ke2 Ke4 74. Kd2 Kd4 75. Ke2 Ke4 76. Kf2 Nf6 77. Kg3 Ke3 78. Bc5+ Ke4 79. Kg2 Nd5 80. Kg3 Nf4 81. Bd6 Ne6 82. Kf2 Ng7 83. Be7 Nf5 84. Bg5 Nd4 85. Bf6 Nc6 86. Bc3 Ne7 87. Be1 Nd5 88. Ke2 Nf4+ 89. Kf2 Nd3+ 90. Ke2 Nxe1 91. Kxe1 Kf3 92. Kd2 Kg4 93. Kd3 Kxh4 94. Kd4 Kg4 95. Kc5 h4 96. Kxb5 h3 97. Ka6 h2 98. b5 h1=Q 99. b6 Qa8+ 100. Kb5 Qb8 101. Kc6 Kf5 102. b7 Ke5 103. Kb6 Kd6 104. Ka6 Kc6 105. Ka5 Qxb7 106. Ka4 Kc5 107. Ka3 Qb4+ 108. Ka2 Kc4 109. Ka1 Kc3 110. Ka2 Qb2# 0-1


[Site "https://www.chess.com"]

[Event "Titled Tuesday Blitz April 25 Early 2023"]
[White "Cherniaiev, Tykhon"]
[Black "Leenhouts, Koen"]
[WhiteFideId "14182360"]
[BlackFideId "1008439"]
[WhiteElo "2450"]
[BlackElo "2409"]
[Result "1-0"]
[Round "05"]
[TimeControl "180+2"]
[Date "2023.04.25"]
[WhiteClock "0:00:10"]
[BlackClock "0:00:02"]

1. Nf3 Nf6 2. d4 g6 3. c4 Bg7 4. Nc3 d5 5. Bg5 Ne4 6. cxd5 Nxg5 7. Nxg5 e6 8. Nf3 exd5 9. e3 O-O 10. Bd3 Qd6 11. a3 a5 12. O-O c6 13. Rb1 Nd7 14. h3 Re8 15. Qc2 Nf6 16. Rfc1 Bd7 17. b4 axb4 18. axb4 Rac8 19. Qe2 Ne4 20. Bxe4 dxe4 21. Nd2 f5 22. Nc4 Qe7 23. Nb6 Rcd8 24. Nxd7 Rxd7 25. b5 f4 26. bxc6 bxc6 27. Qc4+ Kh8 28. Qxc6 Rc7 29. Qxe4 fxe3 30. fxe3 Qxe4 31. Nxe4 Rxc1+ 32. Rxc1 Bh6 33. Nd6 Bxe3+ 34. Kh1 Re6 35. Rc6 Kg8 36. d5 Re7 37. Rc8+ Kg7 38. Re8 Rxe8 39. Nxe8+ Kf7 40. Nd6+ Kf6 41. Nc4 Bf4 42. Kg1 Bg3 43. Kf1 Kf5 44. Ke2 Ke4 45. d6 Kd5 46. d7 Bc7 47. Ne3+ Ke6 48. Ng4 Kxd7 49. Nf6+ Ke6 50. Nxh7 Kf5 51. Kf3 g5 52. g4+ Kg6 53. Nf8+ Kf7 54. Nd7 Ke6 55. Nc5+ Kf6 56. Ke4 Kg6 57. Ne6 Bd6 58. Kd5 Be7 59. Nd4 Bf6 60. Nc6 Ba1 61. Ke6 Bb2 62. Ne5+ Kg7 63. Kf5 Ba1 64. Nf3 Kh6 65. Nxg5 Bb2 66. Ne6 Kh7 67. g5 Kg8 68. h4 Bc3 69. Kg6 Bd4 70. h5 Be5 71. h6 Bc3 72. h7+ Kh8 73. Nd8 Bf6 74. Nf7# 1-0


[Site "https://www.chess.com"]

[Event "Titled Tuesday Blitz April 25 Early 2023"]
[White "Bosnjak, Petar"]
[Black "Arifarsky"]
[WhiteFideId "14532581"]
[WhiteElo "2227"]
[BlackElo "2731"]
[Result "1-0"]
[Round "05"]
[TimeControl "180+2"]
[Date "2023.04.25"]
[WhiteClock "0:00:17"]
[BlackClock "0:00:10"]

1. d4 Nf6 2. c4 g6 3. Nc3 Bg7 4. e4 d6 5. Nf3 O-O 6. Be2 e5 7. O-O Nbd7 8. Be3 exd4 9. Nxd4 Re8 10. f3 c6 11. Nb3 Ne5 12. c5 dxc5 13. Qxd8 Rxd8 14. Nxc5 b6 15. Na6 Ne8 16. Bg5 Rd6 17. Rad1 h6 18. Rxd6 Nxd6 19. Nc7 Rb8 20. Be7 Ndc4 21. Ne8 Nxb2 22. Nxg7 Nbc4 23. Ne8 Be6 24. Nf6+ Kg7 25. Bxc4 Nxc4 26. Ng4 Rb7 27. Bf6+ Kh7 28. Ne5 Ne3 29. Re1 Nc2 30. Rd1 Rb8 31. Nxc6 Rc8 32. Rd8 Rxd8 33. Nxd8 a6 34. a4 Bc4 35. Nc6 b5 36. axb5 axb5 37. Be7 Kg7 38. Nb4 Nd4 39. Kf2 f6 40. Ncd5 Kf7 41. Bxf6 Nb3 42. Bc3 Nc5 43. Ke3 g5 44. g3 Na4 45. Bd4 Ke6 46. f4 gxf4+ 47. gxf4 Kd6 48. f5 Nc5 49. e5+ Kd7 50. e6+ Kd6 51. e7 Kd7 52. f6 h5 53. Nc7 h4 54. e8=Q+ Kxc7 55. Qe7+ Kb8 56. Qxc5 Bd5 57. Be5+ Ka8 58. Qc7 Bb7 59. Qb8# 1-0


[Site "https://www.chess.com"]

[Event "Titled Tuesday Blitz April 25 Early 2023"]
[White "The_Sherman_Variation"]
[Black "Mirzoev, Azer"]
[BlackFideId "13400304"]
[WhiteElo "2525"]
[BlackElo "2525"]
[Result "0-1"]
[Round "05"]
[TimeControl "180+2"]
[Date "2023.04.25"]
[WhiteClock "0:00:07"]
[BlackClock "0:00:10"]

1. Nf3 d5 2. g3 Nf6 3. Bg2 c6 4. O-O Bg4 5. h3 Bh5 6. c4 e6 7. cxd5 cxd5 8. d3 Nc6 9. Bf4 Bd6 10. Bxd6 Qxd6 11. Qb3 O-O 12. Nbd2 Rfc8 13. Rfc1 Rc7 14. a3 Rac8 15. Qd1 h6 16. b4 Ne5 17. g4 Bg6 18. Nb3 Nxf3+ 19. Bxf3 h5 20. Rxc7 Rxc7 21. Rc1 hxg4 22. hxg4 e5 23. Rxc7 Qxc7 24. g5 Nh7 25. Bxd5 Nxg5 26. Qc1 Qe7 27. Qc8+ Kh7 28. Nc5 b6 29. Nd7 Bh5 30. Nf8+ Kh6 31. Qc6+ f6 32. Ne6 Nxe6 33. Bxe6 Bxe2 34. Bf5 Bh5 35. Qe4 g6 36. Bh3 f5 37. Qa8 f4 38. Qh8+ Kg5 39. Kg2 Kh4 40. Kh2 Qg5 41. Qc8 e4 42. dxe4 Qe5 43. Qd8+ g5 44. f3 Bxf3 45. Qd3 g4 46. Bf1 g3+ 47. Kg1 Qxe4 48. Qxe4 Bxe4 49. Bb5 f3 0-1


[Site "https://www.chess.com"]

[Event "Titled Tuesday Blitz April 25 Early 2023"]
[White "Dimitrov, Atanas"]
[Black "Bagrationi, Alexander"]
[WhiteFideId "2901315"]
[BlackFideId "14104954"]
[WhiteElo "2706"]
[BlackElo "2398"]
[Result "1/2-1/2"]
[Round "05"]
[TimeControl "180+2"]
[Date "2023.04.25"]
[WhiteClock "0:00:03"]
[BlackClock "0:00:07"]

1. Nf3 d5 2. e3 c5 3. b3 a6 4. Bb2 Nf6 5. Be2 Nc6 6. d4 e6 7. O-O cxd4 8. Nxd4 Bd6 9. Nd2 Bd7 10. c4 O-O 11. cxd5 Nxd5 12. Bf3 Nde7 13. Nc4 Bc7 14. Rc1 Rc8 15. Qe2 b5 16. Nxc6 Nxc6 17. Rfd1 Qe7 18. Ba3 b4 19. Bb2 Rfd8 20. g3 Be8 21. Bg2 f6 22. Qg4 Rxd1+ 23. Rxd1 Rd8 24. Rxd8 Nxd8 25. Qd4 Nc6 26. Qd3 a5 27. h4 Qd7 28. Qe2 Bg6 29. e4 Nd4 30. Qg4 Bf7 31. h5 h6 32. Bh3 Nc6 33. Qe2 Qe8 34. Bg4 Qd8 35. e5 f5 36. Bf3 Be8 37. Bg2 Nd4 38. Qd3 Nb5 39. Qe3 Bxh5 40. Qc5 Nc3 41. Nd6 Kh7 42. Bxc3 bxc3 43. Qxc3 Bxd6 44. exd6 Qxd6 45. Qxa5 Qd1+ 46. Kh2 Qe2 47. Qa7 Bg6 48. b4 e5 49. a4 f4 50. b5 Qh5+ 51. Kg1 Qd1+ 52. Kh2 Qh5+ 53. Kg1 Qd1+ 54. Kh2 Qh5+ 1/2-1/2


[Site "https://www.chess.com"]

[Event "Titled Tuesday Blitz April 25 Early 2023"]
[White "Dixit, Nikhil"]
[Black "Javakhadze, Zurab"]
[WhiteFideId "5059534"]
[BlackFideId "13603647"]
[WhiteElo "2207"]
[BlackElo "2381"]
[Result "1-0"]
[Round "05"]
[TimeControl "180+2"]
[Date "2023.04.25"]
[WhiteClock "0:00:32"]
[BlackClock "0:00:03"]

1. e4 e5 2. Nf3 Nc6 3. Nc3 Nf6 4. d4 exd4 5. Nxd4 Bb4 6. Nxc6 bxc6 7. Bd3 d5 8. exd5 O-O 9. O-O cxd5 10. Bg5 c6 11. Qf3 h6 12. Bxf6 Qxf6 13. Qxf6 gxf6 14. Nd1 Re8 15. Ne3 Re5 16. Rad1 a5 17. a4 Ra7 18. h3 h5 19. Be2 Bc5 20. Bf3 Rb7 21. b3 Rb4 22. Nc4 Re6 23. Nxa5 Bb6 24. c3 Rf4 25. b4 Bxa5 26. bxa5 Ba6 27. Rfe1 Rxa4 28. Bxh5 Rxa5 29. Bg4 Re5 30. f4 Rxe1+ 31. Rxe1 Ra3 32. Re3 Kg7 33. Kf2 Ra2+ 34. Kg1 Rc2 35. Rg3 Kf8 36. Bf5 Rc1+ 37. Kh2 Rf1 38. Rg4 Be2 39. Rh4 c5 40. Rh8+ Ke7 41. Kg3 Rc1 42. h4 Rxc3+ 43. Kf2 Bd1 44. h5 Bxh5 45. Rxh5 d4 46. Rh3 Rc4 47. Ra3 Kd6 48. Ra6+ Kd5 49. Rxf6 Rb4 50. Rxf7 Rb2+ 51. Kf3 Kc4 52. Rd7 Kc3 53. g4 c4 54. g5 d3 55. g6 d2 56. g7 Rb8 57. Be6 Kc2 58. Bxc4 1-0


[Site "https://www.chess.com"]

[Event "Titled Tuesday Blitz April 25 Early 2023"]
[White "Spata, German"]
[Black "WindWhistler11"]
[WhiteFideId "113026"]
[WhiteElo "2238"]
[BlackElo "2490"]
[Result "1/2-1/2"]
[Round "05"]
[TimeControl "180+2"]
[Date "2023.04.25"]
[WhiteClock "0:00:10"]
[BlackClock "0:00:12"]

1. e4 e6 2. d3 d5 3. Nd2 Nf6 4. Ngf3 g6 5. g3 Bg7 6. Bg2 O-O 7. O-O c5 8. Re1 Nc6 9. c3 b6 10. exd5 Nxd5 11. Nb3 Ba6 12. d4 cxd4 13. Nbxd4 Nxd4 14. Nxd4 Rc8 15. h4 b5 16. Bg5 Qb6 17. Bxd5 exd5 18. Be3 Qd8 19. a3 Qd7 20. Qd2 Rfe8 21. Bh6 Bf6 22. Rxe8+ Rxe8 23. Re1 Bb7 24. Bg5 Be5 25. Bf4 Bh8 26. Rxe8+ Qxe8 27. Qe3 Qd7 28. Be5 f6 29. Bf4 Bc8 30. Bh6 a6 31. Nb3 Qe6 32. Qxe6+ Bxe6 33. Nd4 Bd7 34. Kf1 Kf7 35. Ke2 Ke7 36. Be3 Kd6 37. Nb3 Bg4+ 38. Kd2 Kc6 39. Bd4 Bc8 40. Nc5 Bg7 41. Nd3 Kd6 42. f4 Ke6 43. g4 Kd6 44. g5 Ke6 45. Ke3 h6 46. Kf2 Kf7 47. gxf6 Bxf6 48. Bxf6 Kxf6 49. Ne5 Kf5 50. Kf3 g5 51. hxg5 hxg5 52. Nd3 Bb7 53. fxg5 d4+ 54. Ke2 dxc3 55. bxc3 Kxg5 56. Nc5 Bc8 57. Ke3 Kf5 58. Kd4 Kf4 59. Kd5 Ke3 60. Kc6 Kd2 61. Kc7 Bf5 62. Kb6 Bh3 63. Kxa6 Bf1 64. Ne4+ Kd3 65. Nc5+ Kxc3 66. Ka5 Kb2 67. Kb4 Be2 68. Na6 Ka2 69. Nc7 Kb2 70. Ne8 Ka2 71. Nd6 Bf1 72. Nf5 Be2 73. Nd4 Bd3 74. Nb3 Kb2 75. Nc5 Be2 76. Ne4 Bf1 77. Nd2 Bd3 78. Nb3 Ka2 79. Nc5 Bc4 80. Ne4 Be2 81. Nd6 Kb2 82. Nf5 Bf1 83. Ng3 Bd3 84. Nh1 Ka2 85. Nf2 Be2 86. Ne4 Kb2 87. Ng5 Bf1 88. Ne6 Ka2 89. Nd4 Kb2 90. a4 bxa4 91. Kxa4 1/2-1/2


[Site "https://www.chess.com"]

[Event "Titled Tuesday Blitz April 25 Early 2023"]
[White "Tactrics"]
[Black "feuervogel1000000"]
[WhiteElo "2948"]
[BlackElo "2425"]
[Result "1-0"]
[Round "05"]
[TimeControl "180+2"]
[Date "2023.04.25"]
[WhiteClock "0:00:10"]
[BlackClock "0:00:04"]

1. e4 e5 2. Nf3 Nc6 3. Nc3 Nf6 4. d4 exd4 5. Nxd4 Bb4 6. Nxc6 bxc6 7. Bd3 O-O 8. O-O d5 9. exd5 cxd5 10. h3 c6 11. Qf3 Re8 12. Bf4 Bd6 13. Rad1 Rb8 14. b3 Bxf4 15. Qxf4 Be6 16. Ne2 c5 17. Qf3 Qa5 18. Nf4 c4 19. Be2 Qc5 20. Rfe1 cxb3 21. cxb3 Ne4 22. Bf1 Rbd8 23. Qe3 Qa5 24. Ra1 Bc8 25. Qd4 Nf6 26. b4 Qb6 27. Rxe8+ Rxe8 28. Qxb6 axb6 29. f3 g5 30. Ne2 Bf5 31. Nd4 Bd7 32. a4 Ra8 33. a5 bxa5 34. Rxa5 Rb8 35. b5 Kf8 36. Ra6 Ke7 37. Kf2 Ne8 38. Ra7 Kd8 39. Bd3 Nc7 40. Ra5 h6 41. Ke3 Ke7 42. Kd2 Kd6 43. Kc3 Kc5 44. Ra7 Kb6 45. Ra1 Nxb5+ 46. Nxb5 Bxb5 47. Bxb5 Rc8+ 48. Kb4 Rc2 49. Ra6+ Kb7 50. Rxh6 Rxg2 51. Bc6+ Kc7 52. Bxd5 f5 53. Kc5 Rg3 54. Rh7+ Kd8 55. Kd6 Ke8 56. Rh8# 1-0


[Site "https://www.chess.com"]

[Event "Titled Tuesday Blitz April 25 Early 2023"]
[White "Williams, Simon K"]
[Black "Martinez Alcantara, Jose Eduardo"]
[WhiteFideId "404454"]
[BlackFideId "3805662"]
[WhiteElo "2468"]
[BlackElo "2711"]
[Result "0-1"]
[Round "05"]
[TimeControl "180+2"]
[Date "2023.04.25"]
[WhiteClock "0:00:06"]
[BlackClock "0:00:06"]

1. d4 Nf6 2. c4 e6 3. Nf3 Bb4+ 4. Nbd2 O-O 5. a3 Be7 6. Qc2 c5 7. dxc5 Bxc5 8. b4 Be7 9. Bb2 d6 10. g4 e5 11. g5 Nfd7 12. Rg1 a5 13. e3 axb4 14. axb4 Rxa1+ 15. Bxa1 Nc6 16. b5 Ncb8 17. h4 Nc5 18. h5 b6 19. Ne4 Nbd7 20. Nfd2 Bb7 21. Bg2 Qa8 22. Ke2 Kh8 23. Bc3 f5 24. gxf6 gxf6 25. Nxc5 Nxc5 26. Bxb7 Qxb7 27. Qf5 Qc8 28. Qf3 Qe6 29. h6 Rc8 30. Bb4 Nd7 31. Qg2 Bf8 32. Qg4 f5 33. Qh5 Nf6 34. Qg5 Rd8 35. Rg3 Rd7 36. Kf1 Rf7 37. Kg1 Be7 38. Nf3 Ng4 39. Qh5 Qxh6 40. Qxh6 Nxh6 41. Ng5 Rg7 42. Ne6 Rxg3+ 43. fxg3 Ng4 44. Bd2 Nf6 45. Nc7 Ne4 46. Nd5 Bd8 47. Bc1 Kg8 48. Kg2 Kf7 49. Kf3 Ke6 50. g4 Ng5+ 51. Kg3 fxg4 52. Kxg4 Ne4 53. Kf3 Nc5 54. e4 Nb3 55. Be3 Nd4+ 56. Bxd4 exd4 57. Nf4+ Kf6 58. Kg4 Ke5 59. Kf3 h6 60. Nd3+ Kf6 61. Kg4 Be7 62. Kh5 Bf8 63. Kg4 Kg6 64. e5 dxe5 65. Nxe5+ Kg7 66. Nd3 Bd6 67. Kh5 Kh7 68. Kg4 Kg6 69. Nf2 h5+ 70. Kf3 Kf5 71. Ne4 Be7 72. Ng3+ Kg6 73. Ke4 h4 74. Nf5 Bf6 75. Nxd4 Bxd4 76. Kxd4 h3 77. c5 bxc5+ 78. Kxc5 h2 79. b6 h1=Q 0-1


[Site "https://www.chess.com"]

[Event "Titled Tuesday Blitz April 25 Early 2023"]
[White "Kim, Sergey"]
[Black "Grigoriants, Sergey"]
[WhiteFideId "13700570"]
[BlackFideId "4130804"]
[WhiteElo "2628"]
[BlackElo "2502"]
[Result "1-0"]
[Round "05"]
[TimeControl "180+2"]
[Date "2023.04.25"]
[WhiteClock "0:00:28"]
[BlackClock "0:00:02"]

1. d4 Nf6 2. c4 g6 3. Nc3 d5 4. cxd5 Nxd5 5. e4 Nxc3 6. bxc3 Bg7 7. Bc4 c5 8. Ne2 O-O 9. O-O Nc6 10. Be3 b6 11. Qd2 Bb7 12. Rad1 Na5 13. Bd3 cxd4 14. cxd4 Rc8 15. Bh6 Qd6 16. Bxg7 Kxg7 17. Qg5 h6 18. Qg4 h5 19. Qg5 Qf6 20. Qg3 Rfd8 21. e5 Qc6 22. h4 Nc4 23. Rc1 b5 24. Bxc4 bxc4 25. Rfd1 Qe4 26. Nc3 Qf5 27. Rd2 Be4 28. d5 Bd3 29. Re1 Rc5 30. Re3 Rcxd5 31. Nxd5 Rxd5 32. Rd1 Rb5 33. Rc1 a5 34. e6 fxe6 35. Rce1 Qg4 36. Qc7 1-0


[Site "https://www.chess.com"]

[Event "Titled Tuesday Blitz April 25 Early 2023"]
[White "Hamitevici, Vladimir"]
[Black "Svane, Frederik"]
[WhiteFideId "13902393"]
[BlackFideId "12923044"]
[WhiteElo "2401"]
[BlackElo "2502"]
[Result "0-1"]
[Round "05"]
[TimeControl "180+2"]
[Date "2023.04.25"]
[WhiteClock "0:00:14"]
[BlackClock "0:01:13"]

1. d4 Nf6 2. Bf4 b6 3. e3 Bb7 4. c4 e6 5. Nc3 Bb4 6. h3 O-O 7. Rc1 Ne4 8. Ne2 d6 9. a3 Bxc3+ 10. Nxc3 Nd7 11. Nxe4 Bxe4 12. f3 Bb7 13. h4 e5 14. Bg3 Qe7 15. Be2 f5 16. Bf2 Rae8 17. Qd2 c5 18. d5 f4 19. e4 Nf6 20. b4 Bc8 21. Qb2 Bd7 22. Kd2 Rb8 23. Rb1 Rbc8 24. a4 Nh5 25. b5 Ng3 26. Rh2 Ra8 27. Kc3 a5 28. Bd3 Rf6 29. Qd2 Rh6 30. Qe1 Nh5 31. Qd2 Rg6 32. Rbh1 Rf8 33. Qe1 Qf6 34. Bf1 Ng3 35. Bxg3 fxg3 36. Rh3 Bxh3 37. Rxh3 Qf4 38. Bd3 Rh6 39. Qh1 Qe3 40. Rxg3 Qd4+ 41. Kd2 Qf2+ 0-1


[Site "https://www.chess.com"]

[Event "Titled Tuesday Blitz April 25 Early 2023"]
[White "Brunner, Nicolas"]
[Black "Steinberg, Nitzan"]
[WhiteFideId "620246"]
[BlackFideId "2801795"]
[WhiteElo "2327"]
[BlackElo "2486"]
[Result "0-1"]
[Round "05"]
[TimeControl "180+2"]
[Date "2023.04.25"]
[WhiteClock "0:00:04"]
[BlackClock "0:00:21"]

1. Nf3 Nf6 2. g3 g6 3. Bg2 Bg7 4. O-O O-O 5. d4 c5 6. d5 d6 7. c4 b5 8. cxb5 a6 9. bxa6 Bxa6 10. Nc3 Nbd7 11. Rb1 Nb6 12. b3 Bb7 13. e4 Nfd7 14. Qc2 Ba6 15. Rd1 Qb8 16. Bg5 Re8 17. a4 Qa7 18. Bf1 Bxf1 19. Kxf1 c4 20. Nb5 cxb3 21. Qxb3 Qa6 22. Kg2 Rac8 23. Nfd4 h6 24. Bd2 Nxa4 25. Ra1 Ndc5 26. Qf3 Qb7 27. Rdb1 Qd7 28. Rb4 Ra8 29. Rab1 Rec8 30. Nc6 e6 31. Bf4 e5 32. Be3 f5 33. exf5 gxf5 34. Qh5 f4 35. gxf4 Nd3 36. Re4 Nac5 37. Rc4 exf4 38. Bxf4 Ra2 39. Bg3 Rf8 40. Rf1 Kh8 41. Nxd6 Nxf2 42. Bxf2 Qxd6 43. Rh4 Nd3 0-1


[Site "https://www.chess.com"]

[Event "Titled Tuesday Blitz April 25 Early 2023"]
[White "Berezin, Viktor"]
[Black "Grigorov, Grigor"]
[WhiteFideId "14107872"]
[BlackFideId "2907313"]
[WhiteElo "2310"]
[BlackElo "2510"]
[Result "1/2-1/2"]
[Round "05"]
[TimeControl "180+2"]
[Date "2023.04.25"]
[WhiteClock "0:00:11"]
[BlackClock "0:00:14"]

1. d4 Nf6 2. Nf3 e6 3. g3 b6 4. Bg2 Bb7 5. O-O Be7 6. c4 O-O 7. Nc3 Ne4 8. Qc2 Nxc3 9. Qxc3 d6 10. Rd1 Be4 11. b4 f5 12. Bb2 Bf6 13. Qb3 Qe7 14. Bh3 g5 15. Bg2 Nd7 16. Ne1 Bxg2 17. Nxg2 Rae8 18. a4 Qf7 19. a5 e5 20. axb6 axb6 21. dxe5 Bxe5 22. Ra7 Bxb2 23. Qxb2 Ne5 24. c5 dxc5 25. bxc5 bxc5 26. Qa3 c4 27. Qc5 Re7 28. Ne3 f4 29. Nd5 Rd7 30. Rxc7 fxg3 31. hxg3 Nd3 32. exd3 Qxd5 33. Qxd5+ Rxd5 34. Rxc4 Rf3 35. Kg2 Rfxd3 36. Rxd3 Rxd3 37. Rc6 Kg7 38. Rb6 Rd7 39. Rc6 Rd3 1/2-1/2


[Site "https://www.chess.com"]

[Event "Titled Tuesday Blitz April 25 Early 2023"]
[White "Vlassov, Nikolai"]
[Black "Salinas Herrera, Pablo"]
[WhiteFideId "4103360"]
[BlackFideId "3407128"]
[WhiteElo "2324"]
[BlackElo "2546"]
[Result "0-1"]
[Round "05"]
[TimeControl "180+2"]
[Date "2023.04.25"]
[WhiteClock "0:00:05"]
[BlackClock "0:00:16"]

1. e4 e5 2. Bc4 Nf6 3. d3 Nc6 4. Nf3 Bc5 5. Bg5 h6 6. Bh4 O-O 7. Nc3 Be7 8. Bxf6 Bxf6 9. Nd5 d6 10. h3 g6 11. Nxf6+ Qxf6 12. Qd2 Kg7 13. O-O-O Be6 14. Nh2 Bxc4 15. dxc4 Nd4 16. Ng4 Qg5 17. Ne3 Ne6 18. g3 h5 19. h4 Qf6 20. Nd5 Qf3 21. Rhe1 Rac8 22. Re3 Qg4 23. Qc3 b6 24. Rg1 Nd4 25. Qd3 Qe6 26. c3 Nc6 27. f4 Qg4 28. f5 a5 29. Kc2 Nb8 30. Rf1 Nd7 0-1


[Site "https://www.chess.com"]

[Event "Titled Tuesday Blitz April 25 Early 2023"]
[White "Hambleton, Aman"]
[Black "Lenaerts, Lennert"]
[WhiteFideId "2606577"]
[BlackFideId "211435"]
[WhiteElo "2511"]
[BlackElo "2334"]
[Result "0-1"]
[Round "05"]
[TimeControl "180+2"]
[Date "2023.04.25"]
[WhiteClock "0:00:02"]
[BlackClock "0:02:26"]

1. d4 d5 2. Bf4 Nf6 3. e3 c5 4. c3 e6 5. Nd2 Bd6 6. Ngf3 Bxf4 7. exf4 cxd4 8. Nxd4 Nc6 9. N2f3 Qc7 10. g3 Bd7 11. Bd3 O-O 12. O-O Rac8 13. Re1 Qb6 14. Qe2 Rfd8 15. Rad1 a6 16. Kg2 Ne8 17. Bxh7+ Kxh7 18. Ng5+ Kg8 19. Qh5 Nf6 20. Qxf7+ Kh8 21. Re5 Rf8 22. Qg6 Be8 23. Qd3 Nxe5 24. fxe5 Ne4 25. Ngxe6 Rxf2+ 26. Kg1 Qxb2 0-1


[Site "https://www.chess.com"]